 Dungeon Crawl Stone Soup version 0.23-a0-393-g6e9e0f2 (webtiles) character file.

115771 Garbasso the Imperceptible (level 16, -1/87 HPs)
             Began as a Spriggan Enchanter on Oct 31, 2018.
             Was the Champion of Ashenzari.
             Slain by a spriggan rider
             ... wielding a +3 spear of flaming
              (18 damage)
             ... on level 3 of the Swamp.
             The game lasted 03:21:33 (38535 turns).

Garbasso the Imperceptible (Spriggan Enchanter)    Turns: 38535, Time: 03:21:33

Health: -1/87      AC:  9    Str:  5    XL:     16   Next: 19%
Magic:  17/38      EV: 39    Int: 19    God:    Ashenzari [******]
Gold:   1955       SH:  0    Dex: 25    Spells: 11/32 levels left

rFire    . . .     SeeInvis +   b - +8 short sword of Uskayaw's Envy {pierce, MR+}
rCold    . . .     Gourm    .   (shield restricted)
rNeg     + . .     Faith    .   G - +2 robe {Archmagi} (curse)
rPois    .         Spirit   .   T - +2 hat {MR+} (curse)
rElec    .         Reflect  .   y - +2 cloak (curse)
rCorr    .         Harm     .   (gloves unavailable)
MR       ++++.     Clarity  +   (boots unavailable)
Stlth    +++++++++.             E - amulet of regeneration (curse)
HPRegen  0.64/turn              X - ring "Qanemul" {rN+ Dex+5}
MPRegen  0.26/turn              g - ring of magical power (curse)

@: very slightly contaminated, very quick
A: very small, unfitting armour, see invisible, herbivore, speed 3, slow
metabolism 2
a: Curse Item, Scrying, Transfer Knowledge, Renounce Religion


You were on level 3 of the Swamp.
You worshipped Ashenzari.
Ashenzari was exalted by your worship.
You were not hungry.

You visited 4 branches of the dungeon, and saw 26 of its levels.
You also visited: Labyrinth, Sewer and Volcano.

You collected 1955 gold pieces.

Inventory:

Hand Weapons
 a - a +1 dagger of venom
 b - the +8 short sword of Uskayaw's Envy (weapon) {pierce, MR+}
   (You found it on level 10 of the Dungeon)

   It inflicts extra damage upon your enemies.
   It affects your resistance to hostile enchantments.
 t - a +1 dagger of draining
Missiles
 r - 3 throwing nets (quivered) {=f}
Armour
 y - a cursed +2 cloak (worn)
 G - a cursed +2 robe of the Archmagi (worn)
 H - +0 swamp dragon scales
 T - a cursed +2 hat of magic resistance (worn)
Magical Staves
 w - an uncursed staff of summoning
Jewellery
 g - a cursed ring of magical power (right hand)
 k - an uncursed ring of protection from magic
 E - a cursed amulet of regeneration (around neck)
 Q - an uncursed ring of resist corrosion
 X - the ring "Qanemul" (left hand) {rN+ Dex+5}
   (You found it on level 3 of the Swamp)

   [ring of positive energy]

   It affects your dexterity (+5).
   It protects you from negative energy.
Wands
 j - a wand of polymorph (8)
 l - a wand of random effects (5)
 p - a wand of iceblast (13)
 x - a wand of flame (68)
 J - a wand of paralysis (31)
 L - a wand of acid (3)
 M - a wand of disintegration (11)
 R - a wand of digging (4)
 W - a wand of enslavement (7)
Scrolls
 d - 6 scrolls of enchant armour
 s - 3 scrolls of fog
 v - a scroll of summoning
 B - 3 scrolls of blinking
 C - 12 scrolls of identify
 D - 9 scrolls of teleportation
 F - 3 scrolls of amnesia
 K - 3 scrolls of holy word
 P - a scroll of torment
 S - a scroll of magic mapping
 U - a scroll of enchant weapon
Potions
 c - a potion of magic
 e - 10 potions of curing
 h - 5 potions of brilliance
 i - 3 potions of mutation
 m - 2 potions of haste
 n - 4 potions of lignification
 o - 4 potions of flight
 q - 5 potions of berserk rage
 u - 6 potions of heal wounds
 z - 3 potions of might
 A - a potion of agility
Comestibles
 f - 7 rations


   Skills:
 - Level 11.2 Fighting
 - Level 10.0 Short Blades
 + Level 15.9(19.8) Dodging
 * Level 22.6(25.9) Stealth
 + Level 8.7 Spellcasting
 - Level 13.7(16.3) Hexes
 * Level 5.7(8.8) Summonings
 - Level 3.0(5.6) Ice Magic


You had 11 spell levels left.
You knew the following spells:

 Your Spells              Type           Power        Failure   Level  Hunger
a - Dazzling Spray        Conj/Hex       ######       1%          3    None
b - Ensorcelled Hibernat  Hex/Ice        ######       1%          2    None
c - Confuse               Hex            #######.     1%          3    None
d - Tukima's Dance        Hex            #######.     1%          3    None
e - Summon Ice Beast      Ice/Summ       ######..     4%          4    ###....
f - Summon Mana Viper     Hex/Summ       ######..     1%          5    #####..
g - Summon Butterflies    Summ           ######..     1%          1    None

Your spell library contained the following spells:

 Spells                   Type           Power        Failure   Level  Hunger
 Corona                   Hex            #######      0%          1    None
 Freeze                   Ice            ####         1%          1    None
 Call Canine Familiar     Summ           ######..     1%          3    None
 Throw Frost              Conj/Ice       ####..       3%          2    None
 Recall                   Summ/Tloc      N/A          3%          3    None
 Aura of Abjuration       Summ           ######....   6%          5    #####..
 Summon Demon             Summ           ######....   6%          5    #####..
 Ozocubu's Armour         Chrm/Ice       ####....     8%          3    None
 Throw Icicle             Conj/Ice       ####....     24%         4    ###....
 Summon Forest            Summ/Tloc      #####.....   34%         5    #####..
 Shadow Creatures         Summ           N/A          34%         6    ######.
 Summon Hydra             Summ           ######....   89%         7    #######


Dungeon Overview and Level Annotations

Branches:
Dungeon (15/15)            Temple (1/1) D:6            Lair (6/6) D:10
  Swamp (4/4) Lair:3        Snake (0/4) Lair:4        Slime (0/5) Lair:5
    Orc (0/2) D:9          Vaults (0/5) D:13         Depths (0/5) D:15

Altars:
Ashenzari
Cheibriados
Dithmenos
Elyvilon
Fedhas
Gozag
Hepliaklqana
Kikubaaqudgha
Makhleb
Nemelex Xobeh
Okawaru
Qazlal
Ru
Sif Muna
Trog
Uskayaw
Vehumet
Wu Jian
Xom
Yredelemnul
Zin
The Shining One

Shops:
D:7 [   D:9 (   D:14 :

Annotations:
D:13 1 runed door
Swamp:1 exclusion: Roxanne, Roxanne
Swamp:3 1 runed door, Xosis's ghost, adept FoFi


Innate Abilities, Weirdness & Mutations

You are very small and have problems with some larger weapons.
You are too small for most types of armour.
You have supernaturally acute eyesight. (SInv)
You are a herbivore.
You cover ground extremely quickly.
You need to consume almost no food.


Message History

The blink frog dies!
What are your orders? t - Shout!
Orders for allies: a - Attack new target. r - Retreat! s - Stop attacking. g - Guard the area. f - Follow me.
Anything else - Cancel.
Gang up on whom?
Press: ? - help, Dir - move target cursor, f - spriggan rider
Aim: a spriggan rider, wielding a +3 spear of flaming (moderately wounded) Attack!
The spriggan rider completely misses you.
Your mana viper closely misses the spriggan rider.
Casting: Ensorcelled Hibernation (safe; 1% risk of failure)
Confirm with . or Enter, or press ? or * to list all spells.
You feel a surge of power! A chill wind blows around you.
The spriggan rider barely misses your mana viper.
Your mana viper barely misses the spriggan rider.
The spriggan rider hits you from afar with a +3 spear of flaming!!
You die...

#...♣♣
♣♣♣♣♣.....≈♣.......≈≈≈≈.^
#....♣
♣♣♣♣♣.≈...♣♣♣.....≈≈≈≈§≈♣
#♣♣.♣♣
♣♣♣♣♣§≈≈♣♣♣≈.≈≈.....≈≈.♣♣
# ♣♣♣
♣♣♣♣♣≈≈.≈♣♣..≈≈..≈≈≈..♣≈.
#♣♣
♣♣♣♣♣.≈.♣♣♣♣....≈≈≈≈..≈≈.
≈.♣
♣♣#####.≈♣♣≈...≈≈≈≈≈≈♣♣♣≈
.♣♣
♣♣#?[{#..≈≈..≈§≈≈≈≈≈.♣♣♣.
♣♣
♣♣#.≈.#≈.≈≈..♣♣..≈≈......
♣♣#.≈W#≈@≈≈♣♣♣♣♣♣.≈≈≈≈≈≈≈
♣♣#.≈.#Y§♣♣†>♣♣♣♣.≈≈≈≈≈≈≈
♣♣#.≈.#.Si{†≈♣♣...≈≈≈≈≈≈≈
♣♣##+##≈.i.§Y♣≈≈≈♣♣..≈≈≈.
♣♣♣...♣♣≈≈.♣≈.≈≈.♣♣♣≈≈≈≈≈
♣♣♣♣≈..♣...♣♣≈≈≈♣♣♣♣♣.≈§≈
♣♣♣♣♣§.≈.§.≈♣♣♣♣♣♣♣♣♣♣≈..
♣♣♣♣♣♣.♣.♣.♣♣♣♣♣♣♣♣♣♣♣♣♣♣
♣♣♣♣♣♣♣♣♣♣♣♣♣♣♣ ♣


You could see 2 spriggan riders, a friendly mana viper and a friendly ice beast.

Vanquished Creatures
  2 dire elephants
  Snorg (Lair:3)
  Fannar (Lair:3)
  Josephine (Lair:5)
  A vault guard (D:13)
  12 hydras
  A shambling mangrove (Swamp:3)
  6 ghost crabs
  A centaur warrior (D:13)
  A merfolk avatar (Lair:6)
  3 death yaks (Lair:6)
  5 alligators
  A tengu warrior (D:14)
  3 skeletal warriors
  A sea snake (Lair:6)
  3 swamp dragons (Swamp:3)
  A flayed ghost (D:13)
  2 spriggan druids
  A wizard (D:15)
  2 anaconda skeletons (Volcano)
  2 deep elf magi
  A harpy (Lair:6)
  3 orc knights (D:15)
  A wolf spider (D:15)
  A cyclops (D:14)
  3 manticores
  19 elephants
  7 ugly things
  An oklob plant (Lair:1)
  A black mamba (Lair:5)
  A black mamba (shapeshifter) (D:15)
  27 spiny frogs
  7 gargoyles
  12 komodo dragons
  An efreet (D:12)
  3 rime drakes
  3 tengu conjurers
  2 trolls
  4 polar bears (Lair:6)
  6 tyrant leeches
  A wind drake (Lair:6)
  13 hornets
  A raiju (shapeshifter) (D:15)
  7 dream sheep (Lair:6)
  8 bog bodies
  18 blink frogs
  12 hippogriffs
  A centaur simulacrum (D:15)
  15 slime creatures
  An alligator skeleton (Volcano)
  3 flying skulls (Volcano)
  3 shadows
  10 wyverns
  54 yaks
  8 spriggans
  A vampire (D:12)
  8 wraiths
  13 vampire mosquitoes
  5 basilisks
  3 insubstantial wisps (Swamp:3)
  A soldier ant (D:13)
  2 nagas (Lair:4)
  9 swamp worms
  Duvessa (D:7)
  2 acid dragons (D:13)
  8 water moccasins
  6 porcupines
  14 orc warriors
  7 sky beasts
  7 black bears
  A hornet zombie (D:15)
  4 phantoms
  3 swamp drakes
  5 ice beasts
  8 necrophages
  12 ogres
  4 boggarts (Lair:6)
  5 wolves (Lair:6)
  19 centaurs
  14 crocodiles
  2 big kobolds
  26 bullfrogs
  A water moccasin zombie (D:5)
  Dowan (D:7)
  2 wyvern zombies
  3 scorpions
  23 killer bees
  A troll skeleton (Volcano)
  A wight (D:7)
  7 howler monkeys
  2 electric eels (Lair:3)
  5 crimson imps
  3 bullfrog zombies
  4 centaur zombies
  Crazy Yiuf (D:3)
  3 jellies
  5 hounds
  6 centaur skeletons
  22 orc wizards
  17 orc priests
  2 bullfrog skeletons
  Natasha (thrice) (D:3)
  3 iguanas
  9 worker ants
  A naga skeleton (Volcano)
  A hound zombie (D:10)
  2 hound skeletons
  A mummy (D:7)
  4 worker ant zombies
  3 gnolls (D:8)
  16 adders
  5 shadow imps
  14 oozes
  3 adder skeletons
  A worm (D:5)
  19 leopard geckos
  98 orcs
  9 bats
  19 giant cockroaches
  14 goblins
  11 hobgoblins
  14 jackals
  11 kobolds
  3 quokkas
  15 ball pythons
  18 frilled lizards
  A quokka skeleton (D:7)
  2 quokka zombies
  9 rats
  A fungus (Lair:2)
  2 plants (Lair:2)
920 creatures vanquished.

Vanquished Creatures (collateral kills)
  A minotaur (Lab)
  4 two-headed ogres
  A death yak (Lair:6)
  An elephant (Lair:6)
  A black mamba (Lair:2)
  A tyrant leech (Swamp:2)
  A bog body (Swamp:1)
  A hornet (Swamp:2)
  A blink frog (Swamp:3)
  3 slime creatures (Swamp:1)
  A spriggan (Swamp:2)
  A yak (Lair:6)
  A wyvern (Lair:6)
  A vampire mosquito (Swamp:2)
  2 swamp worms
  An insubstantial wisp (Swamp:3)
  A swamp drake (Swamp:1)
  2 ogres
  A scorpion (D:6)
  2 wights
  A hound skeleton (D:9)
  An orc (D:4)
  A giant cockroach (D:6)
31 creatures vanquished.

Vanquished Creatures (others)
  2 hornets (Swamp:1)
  2 dancing weapons
  2 spriggans (Swamp:1)
  A centaur (D:12)
  16 fungi
  32 plants
55 creatures vanquished.

Grand Total: 1006 creatures vanquished

Notes
Turn   | Place    | Note
-------+----------+-------------------------------------------
     0 | D:1      | Garbasso the Spriggan Enchanter began the quest for the
                  | Orb.
     0 | D:1      | Reached XP level 1. HP: 9/9 MP: 5/5
   539 | D:1      | Reached XP level 2. HP: 3/13 MP: 6/6
   543 | D:1      | Learned a level 2 spell: Ensorcelled Hibernation
  1458 | D:1      | Reached XP level 3. HP: 16/16 MP: 8/8
  1471 | D:1      | Reached skill level 5 in Stealth
  1945 | D:2      | Noticed an ogre
  2000 | D:1      | Learned a level 3 spell: Confuse
  2154 | D:2      | Found a sparkling altar of Nemelex Xobeh.
  2415 | D:2      | Killed an ogre
  2415 | D:2      | Reached skill level 5 in Hexes
  2415 | D:2      | Reached XP level 4. HP: 21/21 MP: 1/9
  2415 | D:2      | Reached XP level 5. HP: 24/24 MP: 1/10
  2738 | D:2      | Learned a level 3 spell: Tukima's Dance
  2936 | D:3      | Noticed an ice beast
  3312 | D:3      | Noticed Natasha
  3314 | D:3      | Killed Natasha
  3324 | D:3      | Found a runed door.
  3328 | D:3      | Noticed Crazy Yiuf
  3334 | D:3      | Killed Crazy Yiuf
  3334 | D:3      | Reached skill level 6 in Stealth
  3431 | D:3      | Noticed Natasha
  3450 | D:3      | Killed Natasha
  3532 | D:3      | Found an ornate altar of the Wu Jian Council.
  3575 | D:3      | Killed an ice beast
  3575 | D:3      | Reached XP level 6. HP: 16/28 MP: 5/12
  4039 | D:3      | Noticed Natasha
  4047 | D:3      | Killed Natasha
  4655 | D:4      | Learned a level 3 spell: Dazzling Spray
  4847 | D:4      | Found a shimmering altar of Xom.
  4913 | D:4      | Reached XP level 7. HP: 32/32 MP: 3/14
  4937 | D:4      | Reached skill level 7 in Stealth
  5951 | D:4      | Found a hazy altar of Hepliaklqana.
  6326 | D:5      | Entered Level 5 of the Dungeon
  6433 | D:5      | Reached skill level 5 in Spellcasting
  6544 | D:5      | Reached XP level 8. HP: 28/36 MP: 11/16
  6627 | D:5      | Reached skill level 8 in Stealth
  7652 | D:6      | Found a staircase to the Ecumenical Temple.
  7661 | Temple   | Entered the Ecumenical Temple
  7868 | D:6      | Reached skill level 5 in Short Blades
  7911 | D:6      | Got a warped robe
  7922 | D:6      | Identified the +1 robe "Velainotz" {Str+5 SInv} (You found
                  | it on level 6 of the Dungeon)
  8204 | D:6      | Found a glowing drain.
  8245 | Sewer    | Entered a sewer
  9165 | D:6      | Found a shattered altar of Ashenzari.
  9176 | D:6      | Became a worshipper of Ashenzari the Shackled
  9204 | D:6      | Reached skill level 5 in Dodging
  9419 | D:6      | Reached skill level 9 in Stealth
  9584 | D:6      | Found a radiant altar of Vehumet.
  9585 | D:6      | Found a glowing silver altar of Zin.
  9586 | D:6      | Found a deep blue altar of Sif Muna.
  9587 | D:6      | Found an iron altar of Okawaru.
  9876 | D:7      | Reached XP level 9. HP: 39/39 MP: 17/17
  9885 | D:7      | Noticed Dowan
  9888 | D:7      | Noticed Duvessa
 10041 | D:6      | Reached skill level 10 in Hexes
 10088 | D:6      | Reached skill level 1 in Fighting
 10762 | D:7      | Reached skill level 10 in Stealth
 10808 | D:7      | Found Tyahuwas's Antique Armour Boutique.
 10857 | D:7      | Killed Duvessa
 10864 | D:7      | Killed Dowan
 11500 | D:7      | Found a burning altar of Makhleb.
 11660 | D:8      | Found a blossoming altar of Fedhas.
 12062 | D:8      | Reached XP level 10. HP: 48/48 MP: 18/18
 12067 | D:8      | Found a shadowy altar of Dithmenos.
 12241 | D:8      | Reached * piety under Ashenzari
 12415 | D:8      | Found an opulent altar of Gozag.
 12598 | D:9      | Found Hoenout's Antique Weapon Emporium.
 12918 | D:9      | Reached skill level 11 in Stealth
 13588 | D:9      | Reached skill level 12 in Stealth
 13845 | D:9      | Found a staircase to the Orcish Mines.
 14494 | D:10     | Entered Level 10 of the Dungeon
 14796 | D:10     | Reached skill level 5 in Fighting
 15010 | D:10     | Reached skill level 13 in Stealth
 15103 | D:10     | Reached XP level 11. HP: 54/54 MP: 19/19
 15340 | D:10     | Noticed a two-headed ogre
 15362 | D:10     | Killed a two-headed ogre
 15428 | D:10     | Got the short sword of Uskayaw's Envy {pierce, MR+}
 15430 | D:10     | Identified the +8 short sword of Uskayaw's Envy {pierce,
                  | MR+} (You found it on level 10 of the Dungeon)
 15659 | D:10     | Found a staircase to the Lair.
 15861 | Lair:1   | Entered Level 1 of the Lair of Beasts
 15861 | Lair:1   | Noticed an oklob plant
 15931 | Lair:1   | Reached ** piety under Ashenzari
 16096 | Lair:1   | Reached skill level 14 in Stealth
 16184 | Lair:1   | Reached skill level 10 in Dodging
 16229 | Lair:1   | Reached skill level 1 in Ice Magic
 16828 | Lair:2   | Noticed a five-headed hydra
 16865 | Lair:2   | Killed a five-headed hydra
 16948 | Lair:2   | Found a labyrinth entrance.
 16957 | Lab      | Entered a labyrinth
 17429 | Lab      | Noticed a minotaur
 18306 | Lab      | Killed a minotaur
 18576 | Lair:2   | Reached skill level 15 in Stealth
 18679 | Lair:2   | Reached XP level 12. HP: 62/62 MP: 3/20
 18992 | Lair:2   | Noticed a five-headed hydra
 19000 | Lair:2   | Killed a five-headed hydra
 19544 | Lair:2   | Reached *** piety under Ashenzari
 19943 | Lair:3   | Noticed Fannar
 20068 | Lair:3   | Noticed Snorg
 20074 | Lair:3   | Killed Snorg
 20078 | Lair:3   | Found a dark tunnel.
 20083 | Volcano  | Entered a volcano
 20094 | Volcano  | Reached skill level 16 in Stealth
 20838 | Lair:3   | Found a staircase to the Swamp.
 20890 | Lair:3   | Reached skill level 17 in Stealth
 21204 | Lair:3   | Reached XP level 13. HP: 69/69 MP: 21/21
 21271 | Lair:3   | Killed Fannar
 21981 | Lair:4   | Found a staircase to the Snake Pit.
 23026 | Lair:5   | Noticed Josephine
 23041 | Lair:5   | Killed Josephine
 23377 | Lair:5   | Reached skill level 18 in Stealth
 23474 | Lair:5   | Reached **** piety under Ashenzari
 23716 | Lair:5   | Identified the cursed +1 ring mail "Faffar" {+Inv rN+}
 23769 | Lair:5   | Found a staircase to the Slime Pits.
 24335 | Lair:6   | Entered Level 6 of the Lair of Beasts
 25263 | Lair:6   | Reached skill level 10 in Fighting
 25432 | Lair:6   | Learned a level 4 spell: Summon Ice Beast
 25566 | Lair:6   | Reached ***** piety under Ashenzari
 25617 | Lair:6   | Noticed a dire elephant
 25650 | Lair:6   | Killed a dire elephant
 25650 | Lair:6   | Reached skill level 19 in Stealth
 25650 | Lair:6   | Reached XP level 14. HP: 77/77 MP: 11/22
 25803 | Lair:6   | Reached skill level 1 in Summonings
 27727 | D:11     | Found a stormy altar of Qazlal.
 29047 | D:12     | Reached skill level 20 in Stealth
 29963 | D:13     | Found a runed door.
 29999 | D:13     | Noticed a fire giant
 30000 | D:13     | Noticed a fire giant
 30030 | D:13     | Noticed a stone giant
 30048 | D:13     | HP: 2/77 [fire giant/bolt of fire (64)]
 30673 | D:13     | Found a gate to the Vaults.
 31511 | D:14     | Found Veune's Book Boutique.
 31819 | D:14     | Reached XP level 15. HP: 80/81 MP: 25/25
 32620 | D:15     | Entered Level 15 of the Dungeon
 32691 | D:15     | Reached skill level 21 in Stealth
 33096 | D:15     | Found a staircase to the Depths.
 33293 | D:15     | Reached ****** piety under Ashenzari
 33311 | D:15     | Reached skill level 10 in Short Blades
 33547 | D:15     | Reached skill level 15 in Dodging
 34282 | Lair:2   | Learned a level 5 spell: Summon Mana Viper
 34391 | Swamp:1  | Entered Level 1 of the Swamp
 34459 | Swamp:1  | Noticed Roxanne
 35827 | Swamp:2  | Learned a level 1 spell: Summon Butterflies
 36710 | Swamp:3  | Reached skill level 22 in Stealth
 36747 | Swamp:3  | Found a runed door.
 36747 | Swamp:3  | Noticed Xosis's ghost (adept FoFi)
 36891 | Swamp:3  | Found a transporter.
 36905 | Swamp:3  | Found the +0 sword of Power
 36905 | Swamp:3  | Identified the +10 scale mail "Poefeg" {Str+4}
 36906 | Swamp:3  | Found a transporter.
 36907 | Swamp:3  | Identified the amulet of Imeatrea {Inacc +Blink +Fly rF++
                  | MR-}
 36908 | Swamp:3  | Identified the ring "Qanemul" {rN+ Dex+5}
 36954 | Swamp:3  | Identified the +3 ring mail "Goruwnij" {Slay+2}
 37521 | Swamp:3  | Reached skill level 5 in Summonings
 37582 | Swamp:3  | Reached XP level 16. HP: 87/87 MP: 29/29
 38230 | Swamp:4  | Entered Level 4 of the Swamp
 38535 | Swamp:3  | Slain by a spriggan rider

Vault maps used:
D:1:      lightli_arrival_noodles
D:2:      overflow_temple_1_default
D:3:      nicolae_overflow_crystal_walls, uniq_crazy_yiuf_cottage, uniq_natasha
D:4:      overflow_temple_1_default, lemuel_coloured_pillars_altar
D:5:      first_ration, corexii_shack
D:6:      overflow_temple_1_default, minitemple, minmay_temple_entry_large_hall,
          portal_sewer_entry_f, palyth_stone_intersect,
          kennysheep_generic_room_2
D:7:      makhleb_heckhound_becter, serial_undead, serial_undead_b,
          serial_undead_f, serial_undead_d, serial_undead_b, serial_undead_e,
          serial_undead_b, serial_undead_a, serial_shops, nicolae_shop_stone,
          grunt_ogre_cave, uniq_duvessa
D:8:      fedhas_ov_isle_minmay, grunt_dithmenos_smoke_and_mirrors,
          nicolae_overflow_hidden_temple, st_stairs_4
D:9:      hiddenorc2_lemuel, serial_aquarium, aquarium_bridge_square,
          aquarium_bridge_square, aquarium_window_fake, aquarium_window_1,
          aquarium_window_1, aquarium_view_2e, aquarium_balcony_3a,
          serial_shops, shop_fountains, kennysheep_windowed_goal
D:10:     david_lair_shrubbed
D:11:     grunt_decor_fettered, grunt_qazlal_sundering
D:12:     minmay_opposing_rooms, serial_column_ruins,
          column_ruins_square_medium, column_ruins_corridor_corner,
          column_ruins_grid_1, column_ruins_open_medium_water,
          column_ruins_open_large, column_ruins_open_small,
          column_ruins_open_tiny
D:13:     david_vaults_5, chequers_mini_garden, minmay_hidden_floor
D:14:     serial_shops, nicolae_shop_statue_plus, serial_co_window_serial,
          co_window_paths_b, co_window_paths_b, co_window_paths_b,
          co_window_paths_b, co_window_paths_b, co_window_paths_a,
          co_window_paths_a, co_window_corner_b, co_window_broadway_b,
          co_window_cross_2, co_window_corner_ca, co_window_cross_2,
          co_window_broadway_c, co_window_broadway_a
D:15:     hangedman_depths_entry_try_elsewhere_first, corexii_hall_statues_t,
          minmay_misc_feat_ornament
Temple:   jpeg_temple_island
Lair:1:   dpeg_stationary_puzzle
Lair:2:   wad_woods_04, lab_entry_generic, nicolae_lair_grove_arrangements,
          roderic_carrion_pond, infiniplex_staircase_pool
Lair:3:   swamp_mist_pool, enter_volcano_4, grunt_megastairs_3,
          serial_bayou_shore_a, uniq_fannar, uniq_snorg
Lair:4:   guppyfry_snake_entry_island
Lair:5:   dpeg_slime_entry_corner, serial_rivers, chequers_serial_rivers_room_a,
          chequers_serial_rivers_room_b, chequers_serial_rivers_large_a,
          chequers_serial_rivers_small_b, chequers_serial_rivers_small_3,
          chequers_serial_rivers_micro_d, uniq_josephine
Lair:6:   gammafunk_lair_ancient_temple, kilobyte_rumbling_trees
Swamp:1:  nicolae_swamp_very_dense_foliage, uniq_roxanne
Swamp:2:  nicolae_swamp_triple_paths
Swamp:3:  gammafunk_its_a_trap, ebering_ghost_reflecting_pool,
          serial_swamp_ruin, evilmike_swamp_ruin_house_4,
          evilmike_swamp_ruin_house_3, evilmike_swamp_ruin_house_6, swamp_pool3,
          st_swamp_mini
Swamp:4:  swamp_vile, ebering_ghost_reflecting_pool, infiniplex_staircase_pool_2
Lab:      labyrinth_watery, nicolae_lab_stuck, nicolae_lab_checkerboard
Sewer:    sewer_frog_island_02
Volcano:  volcano_tomb

Skill      XL: |  1  2  3  4  5  6  7  8  9 10 11 12 13 14 15 |
---------------+----------------------------------------------+-----
Hexes          | 4 5 6 8 9 10 11 12 13 | 13.7
Stealth        | 5 6 7 9 10 13 15 17 19 20 22 | 22.6
Short Blades   | 2 3 4 5 6 7 8 9 10 | 10.0
Spellcasting   | 3 4 5 6 8 |  8.7
Dodging        | 5 7 9 10 12 13 14 15 | 15.9
Fighting       | 3 5 6 8 10 11 | 11.2
Ice Magic      | 2 3 |  3.0
Summonings     | 2 5 |  5.7

Action                   |  1- 3 |  4- 6 |  7- 9 | 10-12 | 13-15 | 16-18 || total
-------------------------+-------+-------+-------+-------+-------+-------++-------
Melee: Dagger            |   157 |    97 |   204 |   472 |  1088 |       ||  2018
       Short sword       |       |       |   216 |    80 |   191 |    81 ||   568
 Fire: Blowgun           |       |       |       |     3 |       |       ||     3
Throw: Throwing net      |       |       |       |     1 |       |       ||     1
 Cast: Corona            |     5 |     2 |       |       |       |       ||     7
       Ensorcelled Hiber |    25 |    36 |   119 |   159 |   295 |    19 ||   653
       Confuse           |     2 |    19 |    31 |    58 |   127 |    19 ||   256
       Tukima's Dance    |       |       |     7 |    15 |    16 |       ||    38
       Dazzling Spray    |       |       |    56 |    83 |    77 |     1 ||   217
       Summon Ice Beast  |       |       |       |       |    28 |     4 ||    32
       Summon Mana Viper |       |       |       |       |    13 |     4 ||    17
       Summon Butterflie |       |       |       |       |     1 |       ||     1
Invok: Curse Item        |       |       |     3 |     2 |     1 |       ||     6
       Scrying           |       |       |       |     1 |     2 |       ||     3
Evoke: Wand              |       |       |       |    14 |    17 |       ||    31
  Use: Scroll            |       |     4 |    14 |     7 |     8 |     2 ||    35
       Potion            |       |       |       |     7 |       |       ||     7
 Stab: Sleeping          |    18 |    21 |    67 |    90 |   229 |    14 ||   439
       Confused          |     1 |     6 |    12 |    22 |    62 |     9 ||   112
       Distracted        |       |     1 |     2 |     1 |    16 |       ||    20
       Invisible         |       |       |    10 |    16 |    22 |       ||    48
  Eat: Ration            |     1 |     3 |     9 |    10 |    19 |     1 ||    43
Armor: Robe              |    21 |     7 |    26 |    28 |    68 |    10 ||   160
Dodge: Dodged            |   126 |    63 |   384 |   474 |  1031 |   128 ||  2206

Table legend:
 A = Non-vault XP
 B = Vault XP
 C = Vault XP percentage of total XP
 D = Non-vault monster count
 E = Vault monster count
 F = Vault count percentage of total count
                 A         B        C        D         E       F
            +---------+---------+-------+---------+---------+-------
      Total |  126225 |   39163 |  23.7 |     725 |     223 |  23.5
            +---------+---------+-------+---------+---------+-------
        D:1 |      45 |       0 |   0.0 |      24 |       0 |   0.0
        D:2 |     174 |       0 |   0.0 |      20 |       0 |   0.0
        D:3 |     350 |      78 |  18.2 |      26 |       2 |   7.1
        D:4 |     466 |       0 |   0.0 |      14 |       0 |   0.0
        D:5 |     657 |       3 |   0.5 |      22 |       1 |   4.3
        D:6 |     833 |     334 |  28.6 |      27 |      10 |  27.0
        D:7 |    1157 |     718 |  38.3 |      24 |      11 |  31.4
        D:8 |     737 |      58 |   7.3 |      25 |       2 |   7.4
        D:9 |    2770 |     399 |  12.6 |      43 |      33 |  43.4
       D:10 |    3805 |     361 |   8.7 |      43 |       1 |   2.3
       D:11 |    5858 |       0 |   0.0 |      44 |       0 |   0.0
       D:12 |    4473 |    2560 |  36.4 |      42 |      10 |  19.2
       D:13 |    4449 |    3155 |  41.5 |      36 |       7 |  16.3
       D:14 |   10556 |       0 |   0.0 |      44 |       0 |   0.0
       D:15 |   10754 |    2919 |  21.3 |      46 |       4 |   8.0
     Lair:1 |    3443 |     527 |  13.3 |      16 |       1 |   5.9
     Lair:2 |    8889 |    1180 |  11.7 |      31 |       8 |  20.5
     Lair:3 |    5273 |    2204 |  29.5 |      20 |       3 |  13.0
     Lair:4 |    5724 |     311 |   5.2 |      27 |       2 |   6.9
     Lair:5 |    3277 |    2045 |  38.4 |      11 |       6 |  35.3
     Lair:6 |   15855 |   10820 |  40.6 |      44 |      35 |  44.3
    Swamp:1 |    9455 |       0 |   0.0 |      25 |       0 |   0.0
    Swamp:2 |    9031 |       0 |   0.0 |      28 |       0 |   0.0
    Swamp:3 |   16976 |    5578 |  24.7 |      39 |      10 |  20.4
    Swamp:4 |    1218 |       0 |   0.0 |       4 |       0 |   0.0
        Lab |       0 |     657 | 100.0 |       0 |       1 | 100.0
      Sewer |       0 |     302 | 100.0 |       0 |      63 | 100.0
    Volcano |       0 |    4954 | 100.0 |       0 |      13 | 100.0
            +---------+---------+-------+---------+---------+-------
